 Dungeon Crawl Stone Soup version 0.19-a0-1216-g363869b (webtiles) character file.

53 Charly the Sneak (level 3, -3/19 HPs)
             Began as a Spriggan Abyssal Knight on Aug 23, 2016.
             Was a Believer of Lugonu.
             Slain by an ogre
             ... wielding a +0 giant spiked club
              (21 damage)
             ... on level 5 of the Dungeon.
             The game lasted 00:11:12 (1052 turns).

Charly the Sneak (Spriggan Abyssal Knight)          Turns: 1052, Time: 00:11:12

Health: -3/19      AC:  2    Str:  8    XL:     3   Next: 64%
Magic:  5/5        EV: 19    Int: 13    God:    Lugonu [**....]
Gold:   92         SH:  0    Dex: 16    Spells: 0 memorised, 2 levels left

rFire  . . .     SeeInvis +     a - +3 short sword
rCold  . . .     Gourm    .     b - +0 robe
rNeg   . . .     Faith    .     (shield restricted)
rPois  .         Spirit   .     (helmet restricted)
rElec  .         Dismiss  .     (no cloak)
rCorr  .         Reflect  .     (gloves unavailable)
MR     .....     Harm     .     (boots unavailable)
Stlth  +++.......               (no amulet)
                                (no ring)
                                (no ring)

@: very quick
A: unfitting armour, see invisible, herbivore 3, speed 3, slow metabolism 2
a: Depart the Abyss, Bend Space, Renounce Religion


You were on level 5 of the Dungeon.
You worshipped Lugonu.
Lugonu was pleased with you.
You were not hungry.

You visited 1 branch of the dungeon, and saw 5 of its levels.
You visited the Abyss 1 time.

You collected 92 gold pieces.

Inventory:

Hand Weapons
 a - a +3 short sword (weapon)
Armour
 b - a +0 robe (worn)
Scrolls
 d - 2 scrolls of teleportation {unknown}
 f - a scroll of recharging {unknown}
 h - a scroll of identify {unknown}
 j - a scroll of noise {unknown}
Potions
 e - a potion of curing {unknown}
 g - a potion of magic {unknown}
Comestibles
 c - 2 bread rations
 i - a slice of pizza


   Skills:
 - Level 2.4 Fighting
 + Level 2.4 Short Blades
 - Level 3.5 Dodging
 * Level 5.1 Stealth
 - Level 1.7 Invocations


You had 2 spell levels left.
You didn't know any spells.

Dungeon Overview and Level Annotations

Branches:
Dungeon (5/15)
 Temple: D:4-7

Altars:


Innate Abilities, Weirdness & Mutations

You are tiny and cannot use many weapons and most armour.
You have supernaturally acute eyesight. (SInv)
You are a herbivore.
You cover ground extremely quickly.
You need consume almost no food.


Message History

You swing at nothing.
You swing at nothing.
You swing at nothing.
You swing at nothing.
You swing at nothing.
You swing at nothing.
You swing at nothing.
Wield which item (- for none, * to show all)? (? for menu, Esc to quit)
a - a +3 short sword (weapon)
Found a scroll labeled KIANWOGOCE.
An ogre comes into view. It is wielding a giant spiked club.
Found an escape hatch in the ceiling.
You see here a robe.
Found a scroll labeled TITZOSUIFRO.
The helpless ogre fails to defend itself.
You impale the ogre!!
The ogre is severely wounded.
The ogre hits you with a giant spiked club!!
Ouch! That really hurt!
You die...

######
.####....#
.........######
........?.....#
..............#
...<..........#
.......O##...
.......@##.###
?..##.......<#
............#
#........([..#
#....#####.#.#
+...# #!..#
#... #:... #..
)..... #....##


You could see an ogre.

Vanquished Creatures
  An adder (D:3)
  2 giant geckos (D:2)
  5 bats
  A bat skeleton (D:2)
  3 giant cockroaches
  3 goblins (D:1)
  5 hobgoblins
  7 jackals
  A ball python (D:2)
  A giant cockroach zombie (D:2)
  A giant gecko skeleton (D:2)
  A giant gecko zombie (D:2)
  A giant newt (D:1)
  5 kobolds
  A rat (D:3)
38 creatures vanquished.

Notes
Turn   | Place    | Note
-------+----------+-------------------------------------------
     0 | Abyss:1  | Charly the Spriggan Abyssal Knight began the quest for the Orb.
     0 | Abyss:1  | Reached XP level 1. HP: 11/11 MP: 3/3
     9 | Abyss:1  | Noticed a raiju
    10 | Abyss:1  | Noticed a blizzard demon
    10 | D:1      | Escaped the Abyss
    66 | D:1      | Reached * piety under Lugonu
    66 | D:1      | Reached skill level 1 in Stealth
   184 | D:1      | Reached skill level 2 in Stealth
   292 | D:1      | Reached XP level 2. HP: 6/16 MP: 4/4
   310 | D:2      | Reached skill level 3 in Stealth
   570 | D:1      | Reached skill level 4 in Stealth
   755 | D:2      | Reached XP level 3. HP: 11/19 MP: 5/5
   887 | D:2      | Reached ** piety under Lugonu
   905 | D:3      | Reached skill level 5 in Stealth
   967 | D:5      | Entered Level 5 of the Dungeon
  1046 | D:5      | Noticed an ogre
  1052 | D:5      | Slain by an ogre

Vault maps used:
D:1:      lemuel_arrival_tunnels, eino_curves_03
D:2:      kennysheep_the_goblin_king, first_bread, serial_undead,
          serial_undead_f, serial_undead_e, serial_undead_f, serial_undead_f,
          serial_undead_d, serial_undead_a
D:3:      nicolae_qazlal_style_of_elements
D:5:      lemuel_doored_altar, minmay_misc_feat_enclosed, minmay_misc_feat_tiny,
          nicolae_elemental_shop

Skill      XL: |  1  2  3 |
---------------+----------+-----
Stealth        | 2 4 5 |  5.1
Fighting       | |  2.4
Short Blades   | |  2.4
Dodging        | |  3.5
Invocations    | |  1.7

Action                   || total
-------------------------++-------
Melee: Short sword       ||   112
Invok: Depart the Abyss  ||     1
 Stab: Sleeping          ||     4
Armor: Robe              ||    11
Dodge: Dodged            ||    77
